 Dungeon Crawl Stone Soup version 0.30.1-11-g7821555f0a (webtiles) character file.

Game seed: 3109681629241301859

431 Nexanis the Covered (level 7, 0/61 HPs)
             Began as a Hill Orc Fighter on Oct 28, 2023.
             Slain by an ogre
             ... wielding a +0 giant club
              (15 damage)
             ... on level 5 of the Dungeon.
             The game lasted 00:08:40 (3847 turns).

Nexanis the Covered (Hill Orc Fighter)              Turns: 3847, Time: 00:08:40

Health: 0/61       AC: 11    Str: 21    XL:     7   Next: 0%
Magic:  7/7        EV:  8    Int: 14    God:
Gold:   168        SH:  4    Dex: 10    Spells: 6/6 levels left

rFire   . . .        k - +3 hand axe
rCold   . . .        c - +0 buckler
rNeg    . . .        p - +0 chain mail
rPois   .            (no helmet)
rElec   .            b - +0 cloak
rCorr   .            (no gloves)
SInv    .            (no boots)
Will    .....        (no amulet) Stlth
                     t - +6 ring of intelligence
HPRegen 0.30/turn    (no ring)
MPRegen 0.10/turn

%: no passive effects
@: no status effects
A: no striking features
a: no special abilities


You were on level 5 of the Dungeon.
You visited 1 branch of the dungeon, and saw 5 of its levels.

You collected 196 gold pieces.
You spent 28 gold pieces at shops.

Inventory:

Hand Weapons
 a - a +0 trident
 k - a +3 hand axe (weapon)
Armour
 b - a +0 cloak (worn)
 c - a +0 buckler (worn)
 p - a +0 chain mail (worn)
Jewellery
 t - a +6 ring of intelligence (left hand)
Wands
 m - a wand of iceblast (8)
Scrolls
 e - a scroll of fog {unknown}
 h - a scroll of amnesia {unknown}
 i - a scroll of identify
 l - a scroll of blinking {unknown}
 o - a scroll of poison {unknown}
 q - a scroll of fear {unknown}
 u - a scroll of enchant armour {unknown}
 v - a scroll of magic mapping {unknown}
 w - a scroll of immolation {unknown}
Potions
 d - 2 potions of might
 f - a potion of haste {unknown}
 g - a potion of heal wounds {unknown}
 j - a potion of attraction {unknown}
 n - a potion of brilliance {unknown}
 r - 3 potions of curing {unknown}
 s - a potion of resistance {unknown}


   Skills:
 + Level 5.0 Fighting
 + Level 4.8(5.3) Axes
 + Level 2.8(3.9) Polearms
 + Level 5.3 Armour
 + Level 0.6 Dodging
 + Level 0.1 Stealth
 + Level 4.1 Shields


You had 6 spell levels left.
You didn't know any spells.
Your spell library was empty.

Dungeon Overview and Level Annotations

Branches:
Dungeon (5/15)
 Temple: D:4-7

Altars:
Qazlal
Xom

Shops:
D:1 ?


Message History

The ogre hits you with a +0 giant club!
The ice beast hits you but does no damage.
The orc shouts!
You slash the ogre!
The ogre is almost dead.
You barely miss the ice beast. You block the ice beast's attack.
You barely miss the ogre.
The ogre is almost dead.
You hit the ice beast but do no damage.
A water moccasin comes into view.
The ogre hits you with a +0 giant club!
The ice beast hits you but does no damage.
You closely miss the ogre.
The ogre is almost dead.
The water moccasin hisses angrily.
You hit the ice beast but do no damage. The ogre hits you with a +0 giant club!
The ice beast hits you but does no damage.
You are too injured to fight recklessly!
You are too injured to fight recklessly!
You are too injured to fight recklessly!
You are too injured to fight recklessly!
The ogre attacks as you move away! The ogre completely misses you.
The ice beast attacks as you move away! The ice beast hits you.
The ice beast freezes you!
* * * LOW HITPOINT WARNING * * *
The ice beast attacks as you move away!
The ice beast hits you but does no damage.
You closely miss the ice beast.
The ice beast hits you but does no damage.
You hit the ice beast.
The ice beast is lightly wounded.
You closely miss the water moccasin. The water moccasin closely misses you.
The ice beast hits you but does no damage.
The water moccasin bites you but does no damage.
You closely miss the ice beast.
The ice beast is lightly wounded.
You hit the water moccasin. The ice beast barely misses you.
The water moccasin bites you but does no damage. x2
The ogre hits you with a +0 giant club!
You die...

......##..#...####..........#
..............###.............
....... #.....#..<...........
.......###.##......#..........
............#.#...##.)........
....#.......†##...............
..........#..........##......#
.#........#.S#........####
##...##...oY@........# ......
#..##O..........# ...#.
#......#....##.... ..
##......<##....# . ..........
.....# ..#..###.....!..?.. .
##. ......#..##. ..
.......#...


You could see a water moccasin, an ice beast, an ogre and an orc.

Vanquished Creatures
  A black bear (D:4)
  The ghost of middlethird the Slasher, a weakling VSMo (D:3)
  A jelly (D:5)
  2 sleepcaps
  3 iguanas
  8 adders
  3 dart slugs
  An orc (D:3)
  6 ball pythons (D:1)
  6 endoplasms
  A giant cockroach (D:2)
  6 goblins
  3 hobgoblins
  10 jackals
  3 quokkas
  4 bats
  2 frilled lizards
  6 kobolds
  6 rats
  A spectral goblin (D:1)
74 creatures vanquished.

Notes
Turn   | Place    | Note
-------+----------+-------------------------------------------
     0 | D:1      | Nexanis the Hill Orc Fighter began the quest for the Orb.
     0 | D:1      | Reached XP level 1. HP: 19/19 MP: 1/1
    77 | D:1      | Reached XP level 2. HP: 25/27 MP: 2/2
   271 | D:1      | Found a faded altar of an unknown god.
   340 | D:1      | Found The Oracle's Delphic Readings.
   344 | D:1      | Bought a scroll of identify for 28 gold pieces
   773 | D:2      | Reached XP level 3. HP: 33/33 MP: 3/3
  1137 | D:2      | You fall into a shaft and drop 1 floor!
  1172 | D:3      | Reached skill level 1 in Axes
  1172 | D:3      | Reached XP level 4. HP: 24/40 MP: 4/4
  1875 | D:3      | Reached XP level 5. HP: 13/47 MP: 5/5
  2115 | D:3      | Found a runed translucent door.
  2588 | D:3      | Noticed middlethird's ghost (weakling VSMo)
  2609 | D:3      | Killed middlethird's ghost
  2795 | D:4      | Noticed a black bear
  2808 | D:4      | Killed a black bear
  2809 | D:4      | Reached XP level 6. HP: 29/55 MP: 6/6
  3116 | D:4      | Found a stormy altar of Qazlal.
  3295 | D:4      | Reached skill level 5 in Armour
  3303 | D:4      | Found a shimmering altar of Xom.
  3304 | D:4      | Found a shimmering altar of Xom.
  3304 | D:4      | Found a shimmering altar of Xom.
  3305 | D:4      | Found a shimmering altar of Xom.
  3306 | D:4      | Found a shimmering altar of Xom.
  3535 | D:5      | Entered Level 5 of the Dungeon
  3546 | D:5      | Reached skill level 5 in Fighting
  3781 | D:5      | Reached XP level 7. HP: 47/61 MP: 7/7
  3847 | D:5      | Slain by an ogre

Illustrated notes

Levels and vault maps discovered:
D:1:      eino_arrival_water_cross, layout_basic,
          dreamdust_ecumenical_altar_drowned_temple, nicolae_nh_oracle_at_delphi
D:2:      layout_loops_corners, serial_forest, infiniplex_forest_straight_3,
          infiniplex_forest_zigzag_1, infiniplex_forest_end_2,
          infiniplex_forest_clump_cross, infiniplex_forest_straight_2,
          infiniplex_forest_straight_2, infiniplex_forest_lined_1,
          infiniplex_forest_corner_2, infiniplex_forest_straight_3,
          infiniplex_forest_clump_cross
D:3:      layout_basic, ebering_ghost_sewer_d
D:4:      nicolae_cairo_tiling_large_dashed, layout_cave_pools, xom_redecorated,
          mainiacjoe_overflow_small_starburst
D:5:      layout_cave_pools, serial_shops, nicolae_shop_rolled_up

Skill      XL: |  1  2  3  4  5  6 |
---------------+-------------------+-----
Fighting       | 4 5 |  5.0
Axes           | 1 2 4 |  4.8
Armour         | 4 5 |  5.3
Shields        | 4 |  4.1
Polearms       | |  2.8
Dodging        | |  0.6
Stealth        | |  0.1

Action                     |  1- 3 |  4- 6 |  7- 9 || total
---------------------------+-------+-------+-------++-------
  Melee: Trident           |    49 |       |       ||    49
         Hand axe          |    34 |   170 |     9 ||   213
 Armour: Scale mail        |    37 |     7 |       ||    44
         Chain mail        |       |    71 |    10 ||    81
  Dodge: Dodged            |    41 |    47 |     4 ||    92
  Block: Buckler           |    21 |    34 |     3 ||    58
